 Dungeon Crawl Stone Soup version 0.29-a0-722-g64f5989226 (webtiles) character file.

Game seed: 7934476455575606726

91 Bruhh the Magician (level 4, -7/31 HPs)
             Began as a Djinni Conjurer on June 28, 2022.
             Killed by nerve-wracking pain
             ... invoked by an orc priest
              (10 damage)
             ... on level 2 of the Dungeon.
             The game lasted 00:01:35 (1655 turns).

Bruhh the Magician (Djinni Conjurer)                Turns: 1655, Time: 00:01:35

Health: -7/31      AC:  2    Str:  6    XL:     4   Next: 88%
Gold:   27         EV: 12    Int: 21    God:
                   SH:  0    Dex: 12

rFire   + + .      SeeInvis .   (no weapon)
rCold   x . .      Faith    .   (no shield)
rNeg    . . .      Spirit   .   a - +0 robe
rPois   ∞          Reflect  +   (no helmet)
rElec   .          Harm     .   (no cloak)
rCorr   .          Rampage  .   (no gloves)
Will    .....                   (boots unavailable)
Stlth   +.........              b - amulet of reflection
HPRegen 0.10/turn               (no ring)
MPRegen 0.00/turn               (no ring)

@: confused, flying
A: sickness immunity, fire resistance 2, cold vulnerability 1, float, innate
caster, HP casting, extra vitality 1
a: no special abilities


You were on level 2 of the Dungeon.
You visited 1 branch of the dungeon, and saw 2 of its levels.

You collected 27 gold pieces.

Inventory:

Armour
 a - a +0 robe (worn)
Jewellery
 b - an amulet of reflection (around neck)


   Skills:
 - Level 2.1 Dodging
 - Level 1.5 Stealth
 + Level 4.6 Spellcasting


You couldn't memorise any spells.
You knew the following spells:

 Your Spells              Type           Power      Damage    Failure   Level
a - Magic Dart            Conj           96%        1d7       1%          1
b - Searing Ray           Conj           48%        2d6       2%          2
c - Dazzling Flash        Conj/Hex       48%        N/A       4%          3
d - Fulminant Prism       Conj/Hex       12%        3d9       17%         4
e - Iskenderun's Mystic   Conj/Tloc      24%        2d7       17%         4
f - Apportation           Tloc           48%        N/A       1%          1
Your spell library was empty.

Dungeon Overview and Level Annotations

Branches:
Dungeon (2/15)

Altars:


Innate Abilities, Weirdness & Mutations

You are immune to sickness and miasma.
You are immune to poison.
Your flesh is very heat resistant. (rF++)
You are vulnerable to cold. (rC-)
You float through the air rather than walking.
You learn spells naturally, not from books.
Your magical power is your life essence.
You have superior vitality. (+4 MHP)


Message History

Confirm with . or Enter, or press ? or * to list all spells.
Aiming: Searing Ray (safe; 2% risk of failure)
Press: ? - help, Shift-Dir - straight line, f - orc wizard
Aim: an orc wizard, wielding a +0 hand axe and wearing a +0 robe (blue smoke, 72% to hit)
The searing ray hits the orc wizard!
The orc wizard is heavily wounded.
The searing ray hits the orc wizard!
The orc wizard is severely wounded. (Press . to maintain the ray.)
The jackal barks!
You hear an angry hiss.
You block the orc wizard's attack.
The searing ray hits the orc wizard.
The orc wizard is severely wounded.
The searing ray hits the orc wizard!
You kill the orc wizard!
The orc wizard closely misses you.
Unknown command.
The searing ray hits the orc wizard.
The orc wizard is almost dead.
You block the jackal's attack. The orc wizard casts a spell at you.
You are confused.
The jackal closely misses you.
The orc wizard hits you with a +0 antimagic dagger.
Unknown command.
You're too confused to cast spells.
You're too confused to cast spells.
Unknown command.
It was a potion of magic.
Magic washes over you without effect. The jackal bites you.
The jackal misses you. The orc priest hits you with a +0 club.
The orc wizard points at you and mumbles some strange words.
The magic dart hits you!
* * * LOW HITPOINT WARNING * * *
Unknown command.
You barely miss the orc priest. The jackal bites you.
* * * LOW HITPOINT WARNING * * *
The orc priest mumbles some strange prayers to Beogh against you.
Pain shoots through your body!
You die...

## #. ##..## # .. #..#.#
.# .#. ##.##.# .#####
.#.###..#..#######.....#
...........$.....§§....#
..........†.#####o§§...#
..#.###).##...§o@h§....#
. #..o..##########§....#
..#..###### ....#
#.........## ...#
#.##.......## ..#
#.#.........# ##
#...........#
..#.........#
.##.........#


You could see an orc priest, an orc wizard and a jackal.

Vanquished Creatures
  An orc priest (D:2)
  An orc wizard (D:2)
  A dart slug (D:1)
  8 ball pythons (D:1)
  2 endoplasms (D:1)
  2 giant cockroaches (D:1)
  A goblin (D:1)
  2 hobgoblins (D:1)
  A jackal (D:2)
  2 quokkas (D:1)
  A bat (D:1)
  3 frilled lizards (D:1)
  5 kobolds
  5 rats
35 creatures vanquished.

Notes
Turn   | Place    | Note
-------+----------+-------------------------------------------
     0 | D:1      | Bruhh the Djinni Conjurer began the quest for the Orb.
     0 | D:1      | Bruhh set off with the following spells memorised: Magic
                  | Dart, Searing Ray, Dazzling Flash, Fulminant Prism,
                  | Iskenderun's Mystic Blast.
     0 | D:1      | Reached XP level 1. HP: 15/15 MP: 0/0
   207 | D:1      | Reached XP level 2. HP: 15/21 MP: 0/0
   327 | D:1      | Found a faded altar of an unknown god.
   914 | D:1      | Reached XP level 3. HP: 23/25 MP: 0/0
   914 | D:1      | Learned a level 1 spell: Apportation
  1234 | D:1      | Reached skill level 4 in Spellcasting
  1634 | D:2      | Reached XP level 4. HP: 11/31 MP: 0/0
  1655 | D:2      | Killed from afar by an orc priest

Illustrated notes

Levels and vault maps discovered:
D:1:      beargit_arrival_diablo_church, layout_loops_ring,
          nicolae_ecumenical_snake_handling, minmay_misc_feat_secret_circle
D:2:      minmay_evil_eye, layout_rooms, serial_shops, nicolae_shop_crystal,
          minmay_circle_x

Skill      XL: |  1  2  3 |
---------------+----------+-----
Spellcasting   | 4 |  4.6
Dodging        | |  2.1
Stealth        | |  1.5

Action                   |  1- 3 |  4- 6 || total
-------------------------+-------+-------++-------
Melee: Unarmed           |       |     1 ||     1
 Cast: Magic Dart        |    74 |       ||    74
       Searing Ray       |       |     1 ||     1
  Use: Scroll            |       |     3 ||     3
       Potion            |       |     2 ||     2
Dodge: Dodged            |     4 |     3 ||     7
Block: Other             |     1 |     2 ||     3

Table legend: (Time is in decaauts)
 A = Elapsed time spent in this place.
 B = Non-inter-level travel time spent in this place.
 C = Inter-level travel time spent in this place.
 D = Time resting spent in this place.
 E = Time spent auto-exploring this place.
 F = Levels seen in this place.
 G = Mean time per level.
                   A        B        C        D        E       F      G
               +--------+--------+--------+--------+--------+-----+--------+
         Total |   1654 |   1610 |     44 |      0 |   1465 |   2 |  827.0 |
       Dungeon |   1654 |   1610 |     44 |      0 |   1465 |   2 |  827.0 |
               +--------+--------+--------+--------+--------+-----+--------+

Top non-repeatable levels by time:
     D:1: 1521 daAuts
     D:2: 133 daAuts
